 Dungeon Crawl Stone Soup version 0.31-a0-1308-ga3cce3a448 (webtiles) character file.

Game seed: 11587932514862203739

50 gruber the Chiller (level 3, 0/26 HPs)
             Began as a Gnoll Ice Elementalist on Dec 19, 2023.
             Killed by nerve-wracking pain
             ... invoked by Grinder
              (5 damage)
             ... on level 3 of the Dungeon.
             The game lasted 00:01:12 (1909 turns).

gruber the Chiller (Gnoll Ice Elementalist)         Turns: 1909, Time: 00:01:12

Health: 0/26       AC: 10    Str:  7    XL:     3   Next: 79%
Magic:  4/9        EV: 13    Int: 16    God:
Gold:   116        SH:  0    Dex: 12    Spells: 5/12 levels left

rFire   . . .        q - +0 short sword
rCold   . . .        (no shield)
rNeg    . . .        a - +0 robe
rPois   .            (no helmet)
rElec   .            (no cloak)
rCorr   +            (no gloves)
SInv    .            d - +0 pair of boots
Will    .....        (no amulet)
Stlth   ++           o - ring of resist corrosion
HPRegen 0.24/turn    (no ring)
MPRegen 0.11/turn

%: no passive effects
@: ice-armoured
A: fangs 1, strong nose, distributed training
a: no special abilities


You were on level 3 of the Dungeon.
You visited 1 branch of the dungeon, and saw 3 of its levels.

You collected 116 gold pieces.

Inventory:

Hand Weapons
 q - a +0 short sword (weapon)
Armour
 a - a +0 robe (worn)
 d - a +0 pair of boots (worn)
Jewellery
 o - a ring of resist corrosion (left hand)
Scrolls
 e - a scroll of identify {unknown}
 i - a scroll of teleportation {unknown}
 j - a scroll of enchant armour {unknown}
 k - a scroll of summoning {unknown}
 m - a scroll of enchant weapon {unknown}
 n - a scroll of torment {unknown}
 p - a scroll of silence {unknown}
Potions
 b - a potion of magic
 c - 2 potions of heal wounds {unknown}
 f - a potion of curing {unknown}
 g - a potion of lignification {unknown}
 h - a potion of ambrosia {unknown}
 l - a potion of haste {unknown}
 r - a potion of enlightenment {unknown}


   Skills:
 + Level 1.0 Fighting
 + Level 1.0 Short Blades
 + Level 1.0 Long Blades
 + Level 1.0 Axes
 + Level 1.0 Maces & Flails
 + Level 1.0 Polearms
 + Level 1.0 Staves
 + Level 1.0 Ranged Weapons
 + Level 1.0 Throwing
 + Level 1.0 Armour
 + Level 4.6 Dodging
 + Level 4.2 Stealth
 + Level 1.0 Shields
 + Level 1.0 Unarmed Combat
 + Level 5.0 Spellcasting
 + Level 0.7 Conjurations
 + Level 0.7 Hexes
 + Level 0.7 Summonings
 + Level 0.7 Necromancy
 + Level 0.7 Translocations
 + Level 0.7 Transmutations
 + Level 0.7 Fire Magic
 + Level 7.1 Ice Magic
 + Level 0.7 Air Magic
 + Level 0.7 Earth Magic
 + Level 0.7 Poison Magic
 + Level 1.0 Invocations
 + Level 1.0 Evocations
 + Level 0.8 Shapeshifting


You had 5 spell levels left.
You knew the following spells:

 Your Spells              Type           Power      Damage    Failure   Level
a - Freeze                Ice            100%       1d10      1%          1
b - Frozen Ramparts       Ice            52%        1d8       2%          3
c - Ozocubu's Armour      Ice            26%        N/A       2%          3

Your spell library contained the following spells:

 Spells                   Type           Power      Damage    Failure   Level
 Summon Ice Beast         Ice/Summ       16%        N/A       30%         4


Dungeon Overview and Level Annotations

Branches:
Dungeon (3/15)

Altars:

Annotations:
D:3 Grinder


Innate Abilities, Weirdness & Mutations

You have very sharp teeth.
Your uncanny sense of smell can sniff out nearby items.
Your experience applies equally to all skills.


Message History

You kill the orc!
Unknown command.
You barely miss Grinder.
Grinder is lightly wounded.
Grinder resists.
The wall freezes Grinder.
Grinder barely misses you.
You hit Grinder but do no damage. You bite Grinder, but do no damage.
Grinder is lightly wounded.
Grinder resists.
The wall freezes Grinder.
Grinder hits you.
You barely miss Grinder. Your bite misses Grinder.
Grinder is lightly wounded.
You hit Grinder but do no damage.
Grinder is lightly wounded.
The wall freezes Grinder but does no damage.
Grinder hits you but does no damage.
You hit Grinder.
Grinder is lightly wounded.
Grinder resists.
The wall freezes Grinder.
Grinder says, "There's only one good use for a tongue: cutting it out."
Grinder gestures at you. You resist with significant effort.
You hit Grinder but do no damage.
Grinder is lightly wounded.
Grinder completely resists.
The wall freezes Grinder but does no damage.
Grinder hits you.
You writhe in agony.
You hit Grinder but do no damage.
Grinder is lightly wounded.
Grinder completely resists.
The wall freezes Grinder but does no damage.
Grinder hits you.
You barely miss Grinder. Your bite misses Grinder.
Grinder is lightly wounded.
The frozen ramparts melt away.
Grinder hits you!
You writhe in agony.
* * * LOW HITPOINT WARNING * * *
You hit Grinder.
Grinder is moderately wounded.
Grinder gestures at you. Pain shoots through your body!
You die...
Grinder sighs, "Dead already?
I want a refund."

.....g........#
###..........#
...........## #.#
.##.........## #.#
....####.....####.#
###.....)......##.#
.######)#..#####.#
... #5##...# #.#
#..# #@##...###.###
#...#....#<...<..#
.###....####.....(#
.........# #......#
#..#.....# #......#
## #.....# #......#
#.......# ########
###.....# #.....#


You could see Grinder.

Vanquished Creatures
  An adder (D:2)
  An orc (D:3)
  3 ball pythons
  5 endoplasms
  A giant cockroach (D:2)
  6 goblins
  3 hobgoblins
  5 kobolds
  A quokka (D:3)
  5 bats
  2 frilled lizards
  3 rats
36 creatures vanquished.

Notes
Turn   | Place    | Note
-------+----------+-------------------------------------------
     0 | D:1      | gruber the Gnoll Ice Elementalist began the quest for the
                  | Orb.
     0 | D:1      | Reached XP level 1. HP: 13/13 MP: 6/6
   614 | D:1      | You fall into a shaft and drop 1 floor!
   759 | D:2      | Reached XP level 2. HP: 19/19 MP: 5/7
  1296 | D:2      | Reached skill level 5 in Spellcasting
  1296 | D:2      | Reached XP level 3. HP: 23/25 MP: 4/9
  1539 | D:2      | Reached skill level 1 in Invocations
  1774 | D:2      | Learned a level 3 spell: Frozen Ramparts
  1778 | D:2      | Learned a level 3 spell: Ozocubu's Armour
  1887 | D:3      | Noticed Grinder
  1897 | D:3      | Paralysed by Grinder for 3 turns
  1898 | D:3      | Reached skill level 1 in Fighting
  1898 | D:3      | Reached skill level 1 in Short Blades
  1898 | D:3      | Reached skill level 1 in Long Blades
  1898 | D:3      | Reached skill level 1 in Axes
  1898 | D:3      | Reached skill level 1 in Maces & Flails
  1898 | D:3      | Reached skill level 1 in Polearms
  1898 | D:3      | Reached skill level 1 in Staves
  1898 | D:3      | Reached skill level 1 in Ranged Weapons
  1898 | D:3      | Reached skill level 1 in Throwing
  1898 | D:3      | Reached skill level 1 in Armour
  1898 | D:3      | Reached skill level 1 in Shields
  1898 | D:3      | Reached skill level 1 in Unarmed Combat
  1898 | D:3      | Reached skill level 1 in Evocations
  1909 | D:3      | Killed from afar by Grinder

Illustrated notes

Levels and vault maps discovered:
D:1:      saegor_arrival_simple_b, layout_basic, st_stairs_3
D:2:      kennysheep_big_flooded_room, layout_loops_cross,
          minmay_misc_feat_cross
D:3:      layout_rooms, ebering_ecumenical_altar_sacrificial, uniq_terence,
          uniq_grinder

Skill      XL: |  1  2  3 |
---------------+----------+-----
Spellcasting   | 5 |  5.0
Invocations    | 1 |  1.0
Fighting       | 1 |  1.0
Short Blades   | 1 |  1.0
Long Blades    | 1 |  1.0
Axes           | 1 |  1.0
Maces & Flails | 1 |  1.0
Polearms       | 1 |  1.0
Staves         | 1 |  1.0
Ranged Weapons | 1 |  1.0
Throwing       | 1 |  1.0
Armour         | 1 |  1.0
Shields        | 1 |  1.0
Unarmed Combat | 1 |  1.0
Evocations     | 1 |  1.0
Dodging        | |  4.6
Stealth        | |  4.2
Conjurations   | |  0.7
Hexes          | |  0.7
Summonings     | |  0.7
Necromancy     | |  0.7
Translocations | |  0.7
Transmutations | |  0.7
Fire Magic     | |  0.7
Ice Magic      | |  7.1
Air Magic      | |  0.7
Earth Magic    | |  0.7
Poison Magic   | |  0.7
Shapeshifting  | |  0.8

Action                     || total
---------------------------++-------
  Melee: Unarmed           ||    16
         Bite              ||     3
         Short sword       ||    11
   Cast: Freeze            ||    44
         Ozocubu's Armour  ||     1
         Frozen Ramparts   ||     1
   Stab: Sleeping          ||     1
 Armour: Robe              ||    22
  Dodge: Dodged            ||    35

Table legend: (Time is in decaauts)
 A = Elapsed time spent in this place.
 B = Non-inter-level travel time spent in this place.
 C = Inter-level travel time spent in this place.
 D = Time resting spent in this place.
 E = Time spent auto-exploring this place.
 F = Levels seen in this place.
 G = Mean time per level.
                   A        B        C        D        E       F      G
               +--------+--------+--------+--------+--------+-----+--------+
         Total |   1906 |   1788 |    118 |      0 |   1564 |   3 |  635.3 |
       Dungeon |   1906 |   1788 |    118 |      0 |   1564 |   3 |  635.3 |
               +--------+--------+--------+--------+--------+-----+--------+

Top non-repeatable levels by time:
     D:1: 1119 daAuts
     D:2: 739 daAuts
     D:3: 47 daAuts
